 Dungeon Crawl Stone Soup version 0.28.0-49-g6dfe1f597d (webtiles) character file.

Game seed: 3788411016092955659

4 Zeld the Skirmisher (level 1, -6/20 HPs)
             Began as a Minotaur Berserker on May 15, 2022.
             Was a Follower of Trog.
             Mangled by a gnoll
             ... wielding a +0 flail
              (9 damage)
             ... on level 1 of the Dungeon.
             The game lasted 00:00:10 (83 turns).

Zeld the Skirmisher (Minotaur Berserker)              Turns: 83, Time: 00:00:11

Health: -6/20      AC:  2    Str: 21    XL:     1   Next: 50%
Magic:  0/0        EV: 12    Int:  4    God:    Trog [*.....]
Gold:   11         SH:  0    Dex:  9    Spells: 0/0 levels left

rFire   . . .      SeeInvis .   a - +0 hand axe
rCold   . . .      Faith    .   (no shield)
rNeg    . . .      Spirit   .   b - +0 animal skin
rPois   .          Reflect  .   (helmet restricted)
rElec   .          Harm     .   (no cloak)
rCorr   .          Rampage  .   (no gloves)
Will    .....                   (no boots)
Stlth   +.........              (no amulet)
HPRegen 0.06/turn               (no ring)
MPRegen 0.07/turn               (no ring)

@: no status effects
A: horns 2, retaliatory headbutt
a: Renounce Religion, Berserk


You were on level 1 of the Dungeon.
You worshipped Trog.
Trog was aware of your devotion.
You visited 1 branch of the dungeon, and saw 1 of its levels.

You collected 11 gold pieces.

Inventory:

Hand Weapons
 a - a +0 hand axe (weapon)
Armour
 b - a +0 animal skin (worn)


   Skills:
 * Level 3.7 Fighting
 * Level 3.7 Axes
 + Level 2.5 Armour
 + Level 2.2 Dodging


You couldn't memorise any spells.
You didn't know any spells.
Your spell library was empty.

Dungeon Overview and Level Annotations

Branches:
Dungeon (1/15)

Altars:


Innate Abilities, Weirdness & Mutations

You have a pair of horns on your head.
You reflexively headbutt those who attack you in melee.


Message History

You kill the goblin!
Trog accepts your kill.
You closely miss the rat. The rat closely misses you. You furiously retaliate!
You headbutt the rat. You barely miss the giant cockroach.
You closely miss the rat. The giant cockroach barely misses you.
You furiously retaliate!
You headbutt the giant cockroach. The rat barely misses you.
You furiously retaliate!
You headbutt the rat!
You kill the rat!
Trog accepts your kill.
You closely miss the giant cockroach.
The giant cockroach is almost dead.
The giant cockroach bites you but does no damage.
The giant cockroach barely misses you.
You hit the giant cockroach.
You kill the giant cockroach!
Trog accepts your kill.
A sourceless malevolence fills the Dungeon... and a teleportation trap spontaneously manifests!
You are yanked towards some nearby monsters!
Your surroundings suddenly seem different. 2 bats and a gnoll come into view.
The gnoll shouts!
The bat barely misses you. The gnoll barely misses you.
You closely miss the gnoll. You hit the bat.
The bat hits you but does no damage. x2; The bat misses you.
A goblin comes into view. It is wielding a +0 dagger.
The gnoll closely misses you. The bat completely misses you.
You hit the bat.
You kill the bat!
Trog accepts your kill.
You barely miss the gnoll. The bat barely misses you.
The gnoll hits you with a +0 flail!
You closely miss the gnoll. You hit the bat.
You kill the bat!
Trog accepts your kill. The gnoll hits you with a +0 flail!
Ouch! That really hurt!
* * * LOW HITPOINT WARNING * * *
The gnoll hits you with a +0 flail!
You die...

.......... .. .......)†.
#. .......... ..
.......... #. ..........
. #. .......$.. ... #.
..........
.....#.####...[...#####.
#..†@g..# .... #
###.#....# ... ....#
...#. ....# ##..#. ..g##
#. ## #..# . ... .# ..##


You could see a gnoll and a goblin.

Vanquished Creatures
  A giant cockroach (D:1)
  A goblin (D:1)
  2 bats (D:1)
  A rat (D:1)
5 creatures vanquished.

Notes
Turn   | Place    | Note
-------+----------+-------------------------------------------
     0 | D:1      | Zeld the Minotaur Berserker began the quest for the Orb.
     0 | D:1      | Reached XP level 1. HP: 19/19 MP: 0/0
    83 | D:1      | Mangled by a gnoll

Illustrated notes

Levels and vault maps discovered:
D:1:      mainiacjoe_arrival_reflecting_pool, layout_basic, columned_hall_lemuel

Action                   || total
-------------------------++-------
Melee: Hand axe          ||     9
       Headbutt          ||     2
Armor: Animal skin       ||     4
Dodge: Dodged            ||    13
